 Dungeon Crawl Stone Soup version 0.22.1-2-g9c5b331383 (webtiles) character file.

24 Elric the Vexing (level 2, -2/27 HPs)
             Began as a Troll Arcane Marksman on Nov 22, 2018.
             Slain by a shadow imp (4 damage)
             ... summoned by Natasha
             ... on level 2 of the Dungeon.
             The game lasted 00:01:53 (770 turns).

Elric the Vexing (Troll Arcane Marksman)             Turns: 770, Time: 00:01:53

Health: -2/27      AC:  5    Str: 17    XL:     2   Next: 79%
Magic:  2/2        EV: 10    Int: 14    God:
Gold:   63         SH:  0    Dex: 10    Spells: 2/3 levels left

rFire    . . .     SeeInvis .     - Unarmed
rCold    . . .     Gourm    +   (no shield)
rNeg     . . .     Faith    .   a - +0 robe
rPois    .         Spirit   .   (helmet restricted)
rElec    .         Reflect  .   (no cloak)
rCorr    .         Harm     .   (gloves unavailable)
MR       .....                  (boots unavailable)
Stlth    +.........             (no amulet)
HPRegen  0.49/turn              (no ring)
MPRegen  0.08/turn              (no ring)

@: brilliant
A: large, unfitting armour, claws 3, fast metabolism 3, gourmand, regeneration
1, shaggy fur 1, tough skin 2
a: no special abilities


You were on level 2 of the Dungeon.
You were not hungry.

You visited 1 branch of the dungeon, and saw 2 of its levels.

You collected 63 gold pieces.

Inventory:

Missiles
 c - 4 large rocks (quivered)
 d - 2 throwing nets
Armour
 a - a +0 robe (worn)
Scrolls
 e - 3 scrolls of identify {unknown}
 h - a scroll of remove curse {unknown}
Potions
 g - a potion of haste {unknown}
Comestibles
 f - a ration


   Skills:
 + Level 1.3 Fighting
 - Level 1.8 Throwing
 - Level 1.6 Dodging
 * Level 1.6 Unarmed Combat
 - Level 1.0 Spellcasting
 - Level 2.0 Hexes


You had 2 spell levels left.
You knew the following spells:

 Your Spells              Type           Power        Failure   Level  Hunger
a - Corona                Hex            ##.....      1%          1    ##.....

Your spell library contained the following spells:

 Spells                   Type           Power        Failure   Level  Hunger
 Slow                     Hex            ##......     2%          2    ###....
 Inner Flame              Hex/Fire       ##......     6%          3    ####...
 Portal Projectile        Hex/Tloc       ##....       6%          3    ####...
 Cause Fear               Hex            ##........   13%         4    #####..
 Leda's Liquefaction      Hex/Erth       ##........   17%         4    #####..


Dungeon Overview and Level Annotations

Branches:
Dungeon (2/15)

Altars:

Annotations:
D:2 Natasha


Innate Abilities, Weirdness & Mutations

You are too large for most types of armour.
You have claws for hands.
Your metabolism is lightning-fast.
You like to eat raw meat.
Your natural rate of healing is unusually fast.
You are covered in fur. (AC +1)
You have very tough skin. (AC +2)


Message History

Natasha casts a spell.
You claw the shadow imp!
The shadow imp is almost dead.
The shadow imp gestures at you. Pain shoots through your body!
You barely miss the shadow imp.
The shadow imp is almost dead.
The shadow imp hits you but does no damage.
You scratch the shadow imp but do no damage.
The shadow imp is almost dead.
The crimson imp blinks!
The shadow imp barely misses you.
You barely miss the shadow imp.
The shadow imp is almost dead.
The shadow imp gestures at you. Pain shoots through your body!
* * * LOW HITPOINT WARNING * * *
It was a potion of brilliance.
You feel clever all of a sudden. The shadow imp hits you.
You die...

..# ..# ##..####
#.#....#### #.........
#...##.#5ยง #..## #h#
#########..# # #5#
...........# #.#@# ####
##########.# #.#.##.....
# #.# #......#
##########.#####.#######
...<.........##.........
.#########.#.##..#######
.# #.#........... .#
#.......###### ##
#......##


You could see Natasha and 2 shadow imps.

Vanquished Creatures
  A leopard gecko (D:1)
  4 bats (D:1)
  3 giant cockroaches
  2 goblins
  2 hobgoblins (D:1)
  6 kobolds (D:1)
  A ball python (D:2)
  A frilled lizard (D:1)
  3 rats (D:1)
23 creatures vanquished.

Notes
Turn   | Place    | Note
-------+----------+-------------------------------------------
     0 | D:1      | Elric the Troll Arcane Marksman began the quest for the
                  | Orb.
     0 | D:1      | Reached XP level 1. HP: 18/18 MP: 1/1
   104 | D:1      | Reached skill level 1 in Fighting
   127 | D:1      | Reached XP level 2. HP: 24/27 MP: 2/2
   197 | D:1      | Reached skill level 1 in Unarmed Combat
   758 | D:2      | Noticed Natasha
   766 | D:2      | Noticed a crimson imp
   770 | D:2      | Slain by a shadow imp

Skill      XL: |  1  2 |
---------------+-------+-----
Fighting       | 1 |  1.3
Unarmed Combat | 1 |  1.6
Throwing       | |  1.8
Dodging        | |  1.6
Spellcasting   | |  1.0
Hexes          | |  2.0

Action                   || total
-------------------------++-------
Melee: Unarmed           ||    76
  Use: Potion            ||     1
  Eat: Chunk             ||     2
       Ration            ||     1
Armor: Robe              ||    25
Dodge: Dodged            ||    41
